 Dungeon Crawl Stone Soup version 0.23.2 (webtiles) character file.

Game seed: 9776937687231745280

3496 Menchi the Covert (level 10, -5/53 HPs)
             Began as a Kobold Assassin on Apr 9, 2019.
             Was a Believer of Dithmenos.
             Killed by the air
             ... invoked by a wind drake (shapeshifter)
              (16 damage)
             ... on level 9 of the Dungeon.
             The game lasted 00:41:36 (8022 turns).

Menchi the Covert (Kobold Assassin)                 Turns: 8022, Time: 00:41:37

Health: -5/53      AC: 18    Str: 10    XL:     10   Next: 28%
Magic:  13/13      EV: 37    Int: 12    God:    Dithmenos [**....]
Gold:   55         SH:  0    Dex: 22    Spells: 9/9 levels left

rFire    . . .     SeeInvis .   A - +4 dagger (protect)
rCold    + . .     Gourm    .   (shield restricted)
rNeg     . . .     Faith    .   a - +3 leather armour {rC+}
rPois    .         Spirit   .   (no helmet)
rElec    .         Reflect  .   d - +0 cloak
rCorr    .         Harm     .   l - +0 pair of gloves
MR       .....                  (no boots)
Stlth    +++++++...             u - amulet of the acrobat
HPRegen  0.17/turn              q - +3 ring of protection
MPRegen  0.13/turn              I - +3 ring of dexterity

@: protection aura, acrobat, wreathed by umbra
A: small, carnivore
a: Shadow Step, Renounce Religion


You were on level 9 of the Dungeon.
You worshipped Dithmenos.
Dithmenos was pleased with you.
You were completely stuffed.

You visited 1 branch of the dungeon, and saw 10 of its levels.

You collected 385 gold pieces.
You spent 330 gold pieces at shops.

Inventory:

Hand Weapons
 b - a +0 blowgun
 A - a +4 dagger of protection (weapon)
Missiles
 e - a poisoned needle
 f - 10 curare-tipped needles
Armour
 a - a +3 leather armour of cold resistance (worn)
 d - a +0 cloak (worn)
 l - a +0 pair of gloves (worn)
Jewellery
 n - an uncursed ring of protection from cold
 q - a +3 ring of protection (left hand)
 u - an amulet of the acrobat (around neck)
 I - a +3 ring of dexterity (right hand)
Wands
 c - a wand of random effects (7)
 C - a wand of polymorph (10)
Scrolls
 h - a scroll of fog {unknown}
 i - 12 scrolls of identify
 k - a scroll of enchant armour {unknown}
 p - a scroll of fear
 t - 2 scrolls of remove curse
 v - 2 scrolls of blinking {unknown}
 y - a scroll of amnesia {unknown}
 B - a scroll of magic mapping {unknown}
 F - a scroll of random uselessness {unknown}
Potions
 j - a potion of magic
 o - 2 potions of ambrosia {unknown}
 r - a potion of brilliance {unknown}
 s - 2 potions of flight {unknown}
 w - a potion of degeneration {unknown}
 x - 2 potions of curing {unknown}
 z - 3 potions of lignification {unknown}
 E - a potion of mutation {unknown}
 G - a potion of agility
 H - 2 potions of resistance {unknown}
Comestibles
 g - 14 rations
 m - 3 chunks of flesh


   Skills:
 - Level 2.1 Fighting
 * Level 10.2 Short Blades
 - Level 2.1 Throwing
 * Level 8.5 Dodging
 * Level 12.8 Stealth
 * Level 4.6 Evocations


You had 9 spell levels left.
You didn't know any spells.
Your spell library contained the following spells:

 Spells                   Type           Power        Failure   Level  Hunger
 Confusing Touch          Hex            #.....       41%         1    ##.....
 Confuse                  Hex            #.......     80%         3    ####...
 Gell's Gravitas          Tloc           #.........   80%         3    ####...
 Petrify                  Tmut/Erth      #.......     99%         4    #####..
 Metabolic Englaciation   Hex/Ice        #.........   100%        5    ######.
 Yara's Violent Unravell  Hex/Tmut       #.........   100%        5    ######.


Dungeon Overview and Level Annotations

Branches:
Dungeon (10/15)            Temple (0/1) D:5
   Lair: D:8-11         Orc: D:9-12

Altars:
Dithmenos
Kikubaaqudgha
Makhleb
Trog
Uskayaw
Xom
Yredelemnul
Zin
The Shining One

Shops:
D:6 *=*%(   D:9 =

Annotations:
D:5 Prince Ribbit, Sigmund
D:7 Dowan, Duvessa


Innate Abilities, Weirdness & Mutations

You are small and have problems with some larger weapons.
You are carnivorous and can eat meat at any time.


Message History

Found 13 gold pieces.
The wind drake flaps its wings at you. The air twists around and strikes you!
The yak completely misses you. The big kobold barely misses you.
The wind drake flaps its wings at you. The air twists around and strikes you!
* * * LOW HITPOINT WARNING * * *
A hungry ghost comes into view.
The wind drake begins deflecting missiles!
The sentinel's mark upon you fades away.
The wind drake flaps its wings at you. The air twists around and strikes you!
The helpless hungry ghost fails to defend itself.
You spit the hungry ghost like a pig!!!!
Your weapon exudes an aura of protection.
You destroy the hungry ghost!
Dithmenos accepts your kill. The wind drake flaps its wings at you.
The air twists around and strikes you!
You die...

########## #........#
### #........# ...
##........# ###.#
.........$######...###.#
....?....Yk.K.Y.@.......
.........O######.######.
..........# ..#
..........# #.##
......#.### .. .........
#.. #...# ......#.. ##.
##...## .....##.## ...
...... ....##...#
#.###...# .##...


You could see a wind drake, 2 yaks, a big kobold and an ogre.

Vanquished Creatures
  Harold (D:9)
  Grinder (D:6)
  Eustachio (D:6)
  A hungry ghost (D:9)
  A water moccasin (D:7)
  An orc warrior (D:6)
  2 ice beasts
  A phantom (D:4)
  A sky beast (D:5)
  An ogre (D:5)
  2 centaurs
  Blork the orc (D:5)
  A big kobold (D:7)
  2 bullfrogs
  A wyvern skeleton (D:8)
  2 scorpions
  5 killer bees
  4 crimson imps
  2 hounds
  An orc priest (D:5)
  A gnoll shaman (D:4)
  A centaur skeleton (D:7)
  Jessica (D:2)
  6 worker ants
  5 iguanas
  3 orc wizards
  3 gnolls (D:4)
  7 adders
  3 shadow imps
  An ooze (D:1)
  3 worms
  2 dart slugs
  4 leopard geckos
  16 orcs
  2 ball pythons
  10 bats
  8 giant cockroaches
  4 hobgoblins
  14 kobolds
  6 quokkas
  5 frilled lizards
  8 goblins
  A quokka zombie (D:6)
  4 rats
150 creatures vanquished.

Vanquished Creatures (others)
  A wizard (D:3)
1 creature vanquished.

Grand Total: 151 creatures vanquished

Notes
Turn   | Place    | Note
-------+----------+-------------------------------------------
     0 | D:1      | Menchi the Kobold Assassin began the quest for the Orb.
     0 | D:1      | Reached XP level 1. HP: 12/12 MP: 1/1
    73 | D:1      | Reached XP level 2. HP: 17/17 MP: 2/2
    85 | D:1      | Reached skill level 6 in Stealth
   482 | D:1      | Reached XP level 3. HP: 21/21 MP: 3/3
   888 | D:2      | Found a shadowy altar of Dithmenos.
   898 | D:2      | Became a worshipper of Dithmenos the Shadowed
  1301 | D:2      | Found a faded altar of an unknown god.
  1343 | D:2      | Noticed Jessica
  1350 | D:2      | Killed Jessica
  1350 | D:2      | Reached skill level 7 in Stealth
  1350 | D:2      | Reached XP level 4. HP: 26/26 MP: 4/4
  1622 | D:2      | Reached XP level 5. HP: 28/30 MP: 5/5
  1647 | D:2      | Found a radiant altar of Vehumet.
  1649 | D:2      | Found a basalt altar of Yredelemnul.
  1649 | D:2      | Found a shimmering altar of Xom.
  1651 | D:2      | Found an ancient bone altar of Kikubaaqudgha.
  1651 | D:2      | Found a stormy altar of Qazlal.
  1651 | D:2      | Found a glowing silver altar of Zin.
  2110 | D:3      | Reached * piety under Dithmenos
  2183 | D:3      | Found a bloodstained altar of Trog.
  2186 | D:3      | Noticed a wizard
  2191 | D:3      | Killed a wizard
  2270 | D:3      | Noticed an ice beast
  2342 | D:2      | Killed an ice beast
  2342 | D:2      | Reached skill level 8 in Stealth
  2342 | D:2      | Reached XP level 6. HP: 17/35 MP: 6/6
  2637 | D:3      | Found a glowing golden altar of the Shining One.
  2911 | D:4      | Noticed a phantom
  3051 | D:4      | Reached skill level 5 in Short Blades
  3099 | D:4      | Reached XP level 7. HP: 29/40 MP: 7/7
  3781 | D:5      | Entered Level 5 of the Dungeon
  3980 | D:4      | Reached skill level 9 in Stealth
  4110 | D:4      | Reached skill level 1 in Evocations
  4207 | D:5      | Found a staircase to the Ecumenical Temple.
  4212 | D:5      | Noticed Blork the orc
  4219 | D:5      | Killed Blork the orc
  4228 | D:5      | Reached XP level 8. HP: 44/44 MP: 7/9
  4381 | D:5      | Found a hide-covered altar of Uskayaw.
  4405 | D:5      | Noticed Sigmund
  4540 | D:5      | Reached skill level 5 in Dodging
  4586 | D:5      | Noticed Prince Ribbit
  4600 | D:4      | Reached skill level 10 in Stealth
  4851 | D:4      | Found a burning altar of Makhleb.
  5382 | D:6      | Found Subicoko's Food Shoppe.
  5476 | D:6      | Found a basalt altar of Yredelemnul.
  5483 | D:6      | Found Kiattyst's Evil Emporium.
  5546 | D:6      | Found an ancient bone altar of Kikubaaqudgha.
  5565 | D:6      | Noticed Eustachio
  5569 | D:6      | Killed Eustachio
  5764 | D:6      | Reached XP level 9. HP: 22/48 MP: 11/11
  5930 | D:6      | Found Gudwetta's Assorted Antiques.
  5981 | D:6      | Found Deilir's Jewellery Shop.
  6022 | D:6      | Noticed Grinder
  6087 | D:6      | Killed Grinder
  6105 | D:6      | Reached ** piety under Dithmenos
  6147 | D:6      | Found Arad's Antique Weapon Shoppe.
  6239 | D:6      | Bought an uncursed amulet of the acrobat for 330 gold
                  | pieces
  6323 | D:7      | Noticed a hippogriff
  6338 | D:7      | Reached skill level 11 in Stealth
  6618 | D:7      | Noticed Duvessa
  6619 | D:7      | Noticed Dowan
  7150 | D:9      | Found Nedamum's Jewellery Shoppe.
  7270 | D:9      | Noticed Harold
  7626 | D:10     | Entered Level 10 of the Dungeon
  7820 | D:9      | Reached skill level 12 in Stealth
  7870 | D:9      | Killed Harold
  7870 | D:9      | Reached skill level 10 in Short Blades
  7870 | D:9      | Reached XP level 10. HP: 33/53 MP: 13/13
  7904 | D:9      | Noticed an orb spider
  7904 | D:9      | a polar bear changed into an orb spider
  7909 | D:9      | an orb spider changed into a jumping spider
  8022 | D:9      | Killed from afar by a wind drake (shapeshifter)

Skill      XL: |  1  2  3  4  5  6  7  8  9 |
---------------+----------------------------+-----
Stealth        | 6 7 8 9 10 12 | 12.8
Short Blades   | 3 4 5 6 8 10 | 10.2
Dodging        | 2 3 4 5 8 |  8.5
Evocations     | 1 2 4 |  4.6
Fighting       | |  2.1
Throwing       | |  2.1

Action                   |  1- 3 |  4- 6 |  7- 9 | 10-12 || total
-------------------------+-------+-------+-------+-------++-------
Melee: Dagger            |    81 |   216 |   587 |    38 ||   922
 Fire: Blowgun           |       |       |    10 |       ||    10
Evoke: Wand              |       |       |     6 |     3 ||     9
  Use: Scroll            |     5 |     1 |     9 |       ||    15
       Potion            |       |     1 |     2 |     1 ||     4
 Stab: Sleeping          |    12 |    13 |    20 |     1 ||    46
       Distracted        |       |       |     1 |       ||     1
  Eat: Chunk             |    10 |     5 |    16 |       ||    31
Armor: Robe              |    19 |    38 |    37 |       ||    94
       Leather armour    |       |       |    39 |    22 ||    61
Dodge: Dodged            |    59 |   120 |   384 |    66 ||   629
